 Dungeon Crawl Stone Soup version 0.24-a0-582-g4d4af813a0 (webtiles) character file.

Game seed: 473989549142515989

46 ElectroBlueGuy the Sneak (level 3, 0/16 HPs)
             Began as a Spriggan Enchanter on Aug 26, 2019.
             Succumbed to an adder's poison
             ... on level 2 of the Dungeon.
             The game lasted 00:09:51 (1480 turns).

ElectroBlueGuy the Sneak (Spriggan Enchanter)       Turns: 1480, Time: 00:09:51

Health: 0/16       AC:  3    Str:  4    XL:     3   Next: 44%
Magic:  8/8        EV: 19    Int: 16    God:
Gold:   35         SH:  0    Dex: 17    Spells: 6/7 levels left

rFire    . . .     SeeInvis +   h - +0 hunting sling (curse)
rCold    . . .     Gourm    .   (shield restricted)
rNeg     . . .     Faith    .   b - +0 robe
rPois    .         Spirit   .   i - +1 hat
rElec    .         Reflect  .   (no cloak)
rCorr    .         Harm     .   (gloves unavailable)
MR       .....                  (boots unavailable)
Stlth    +++.......             (no amulet)
HPRegen  0.05/turn              (no ring)
MPRegen  0.11/turn              (no ring)

@: lethally poisoned (0 -> -9), very quick
A: very small, unfitting armour, see invisible, herbivore, speed 3, slow
metabolism 2
a: no special abilities


You were on level 2 of the Dungeon.
You were not hungry.

You visited 1 branch of the dungeon, and saw 2 of its levels.

You collected 35 gold pieces.

Inventory:

Hand Weapons
 a - a +1 dagger
 e - a +0 dagger of venom
 f - a +0 hunting sling
 h - a cursed +0 hunting sling (weapon)
Missiles
 c - 80 stones (quivered)
Armour
 b - a +0 robe (worn)
 i - a +1 hat (worn)
Comestibles
 d - 2 rations


   Skills:
 * Level 2.3 Short Blades
 + Level 3.4 Dodging
 * Level 5.3 Stealth
 - Level 2.8 Spellcasting
 * Level 4.0 Hexes


You had 6 spell levels left.
You knew the following spells:

 Your Spells              Type           Power        Failure   Level  Hunger
a - Corona                Hex            ###....      3%          1    #......

Your spell library contained the following spells:

 Spells                   Type           Power        Failure   Level  Hunger
 Confuse                  Hex            ###.....     11%         3    ###....
 Tukima's Dance           Hex            ###.....     11%         3    ###....
 Ensorcelled Hibernation  Hex/Ice        #.....       13%         2    ##.....
 Dazzling Spray           Conj/Hex       #.....       26%         3    ###....


Dungeon Overview and Level Annotations

Branches:
Dungeon (2/15)

Altars:


Innate Abilities, Weirdness & Mutations

You are very small and have problems with some larger weapons.
You are too small for most types of armour.
You have supernaturally acute eyesight. (SInv)
You are a herbivore.
You cover ground extremely quickly.
You need to consume almost no food.


Message History

Firing (i - inventory)
c - 83 stones (quivered)
Press: ? - help, Shift-Dir - straight line, f/p - adder
Aim: an adder (almost dead)
You shoot a stone. The stone misses the adder.
The stone barely misses the frilled lizard.
* * * LOW HITPOINT WARNING * * *
You feel sick. The adder misses you. The adder closely misses you.
Firing (i - inventory)
c - 82 stones (quivered)
Press: ? - help, Shift-Dir - straight line, f/p - adder
Aim: an adder (almost dead)
You shoot a stone. The stone barely misses the adder.
The stone barely misses the frilled lizard.
The adder completely misses you.
Firing (i - inventory)
c - 81 stones (quivered)
Press: ? - help, Shift-Dir - straight line, f/p - adder
Aim: an adder (almost dead)
You shoot a stone.
The stone hits the adder but does no damage.
The adder is almost dead.
You die...

#.##.####
........#
#.......##########
#.#...#..........#
..##.###########.#
# #.# #.# #.# #>#
#+# #.# ##@#
#S)### #l#...#
#(.###.# #.( ...
.!. .## #(.. ..
###. .# #. .#


You could see an adder and a frilled lizard.

Vanquished Creatures
  2 adders (D:2)
  A dart slug (D:1)
  A giant cockroach (D:1)
  4 goblins
  2 hobgoblins
  3 jackals (D:1)
  6 kobolds
  A bat (D:2)
  4 rats
24 creatures vanquished.

Notes
Turn   | Place    | Note
-------+----------+-------------------------------------------
     0 | D:1      | ElectroBlueGuy the Spriggan Enchanter began the quest for
                  | the Orb.
     0 | D:1      | Reached XP level 1. HP: 9/9 MP: 5/5
   567 | D:1      | Reached XP level 2. HP: 6/13 MP: 6/6
  1152 | D:1      | Reached skill level 5 in Stealth
  1367 | D:2      | Reached XP level 3. HP: 16/16 MP: 8/8
  1480 | D:2      | Succumbed to an adder's poison

Levels and vault maps discovered:
D:1:      dpeg_arrival_rooms_b, layout_loops_cross
D:2:      layout_loops_corners, grunt_ministairs_5, minmay_pentomino_z4,
          uniq_robin

Skill      XL: |  1  2  3 |
---------------+----------+-----
Short Blades   | 2 |  2.3
Stealth        | 5 |  5.3
Hexes          | 4 |  4.0
Dodging        | |  3.4
Spellcasting   | |  2.8

Action                   || total
-------------------------++-------
Melee: Dagger            ||    76
 Fire: Hunting sling     ||    42
Throw: Stone             ||     7
 Cast: Corona            ||     3
  Use: Scroll            ||     2
       Potion            ||     4
 Stab: Sleeping          ||     4
Armor: Robe              ||    14
Dodge: Dodged            ||    86

Table legend:
 A = Non-vault XP
 B = Vault XP
 C = Vault XP percentage of total XP
 D = Non-vault monster count
 E = Vault monster count
 F = Vault count percentage of total count
                 A         B        C        D         E       F
            +---------+---------+-------+---------+---------+-------
      Total |      50 |      16 |  24.2 |      21 |       3 |  12.5
            +---------+---------+-------+---------+---------+-------
        D:1 |      31 |       0 |   0.0 |      16 |       0 |   0.0
        D:2 |      19 |      16 |  45.7 |       5 |       3 |  37.5
            +---------+---------+-------+---------+---------+-------
